 Dungeon Crawl Stone Soup version 0.21-a0-509-gecc5317 (webtiles) character file.

46128 Spazmo the Arsonist (level 14, -14/82 HPs)
             Began as a Deep Elf Fire Elementalist on Nov 28, 2017.
             Was a High Priest of Vehumet.
             Demolished by a deep troll shaman (15 damage)
             ... on level 6 of the Lair of Beasts on Nov 30, 2017.
             The game lasted 01:28:28 (20258 turns).

Spazmo the Arsonist (Deep Elf Fire Elementalist)   Turns: 20258, Time: 01:28:29

Health: -14/82     AC:  9    Str: 11    XL:     14   Next: 3%
Magic:  34/41      EV: 19    Int: 26    God:    Vehumet [*****.]
Gold:   1034       SH:  7    Dex: 15    Spells: 12/37 levels left

rFire    . . .     SeeInvis .   J - staff of conjuration
rCold    + . .     Gourm    .   j - +0 buckler
rNeg     . . .     Faith    .   W - +2 robe {rC+}
rPois    .         Spirit   .   i - +1 hat
rElec    +         Reflect  +   A - +0 cloak
rCorr    .         Harm     .   H - +1 pair of gloves of the Flute {rElec rF- Regen+ Str+6}
MR       +....                  R - +0 pair of boots
Stlth    ++........             K - +2 amulet of reflection
HPRegen  0.63/turn              L - ring of protection from fire
MPRegen  0.27/turn              P - ring of magical power

@: about to teleport
A: no striking features
a: Renounce Religion


You were on level 6 of the Lair of Beasts.
You worshipped Vehumet.
Vehumet was extremely pleased with you.
You were not hungry.

You visited 3 branches of the dungeon, and saw 17 of its levels.
You also visited: Ice Cave.

You collected 1154 gold pieces.
You spent 120 gold pieces at shops.

Inventory:

Hand Weapons
 x - a +6 dagger of electrocution
Missiles
 f - 454 stones (quivered)
Armour
 i - a +1 hat (worn)
 j - a +0 buckler (worn)
 A - a +0 cloak (worn)
 H - the +1 pair of gloves of the Flute (worn) {rElec rF- Regen+ Str+6}
   (You acquired it on level 9 of the Dungeon)

   It affects your strength (+6).
   It makes you vulnerable to fire.
   It insulates you from electricity.
   It increases your rate of regeneration.
 R - a +0 pair of boots (worn)
 W - a +2 robe of cold resistance (worn)
Magical Staves
 I - an uncursed staff of power
 J - an uncursed staff of conjuration (weapon)
Jewellery
 F - an uncursed ring of protection from cold
 K - a +2 amulet of reflection (around neck)
 L - a ring of protection from fire (left hand)
 P - a ring of magical power (right hand)
Wands
 a - a wand of scattershot (6)
 u - a wand of disintegration (10)
 N - a wand of digging (9)
 T - a wand of iceblast (8)
 X - a wand of acid (6)
Scrolls
 d - 5 scrolls of amnesia
 e - 5 scrolls of teleportation
 m - 5 scrolls of remove curse
 n - a scroll of identify
 q - 3 scrolls of blinking
 r - 2 scrolls of magic mapping
 D - a scroll of enchant armour
 E - 2 scrolls of fear
Potions
 g - 4 potions of curing
 k - 3 potions of flight
 o - a potion of cancellation
 p - 2 potions of magic
 v - 5 potions of heal wounds
 w - 2 potions of mutation
 G - 3 potions of brilliance
 M - 3 potions of haste
 S - a potion of invisibility
 Z - a potion of ambrosia {unknown}
Books
 C - a book of Geomancy

   Spells                             Type                      Level
   a - Sandblast                      Earth                        1
   b - Passwall                       Transmutation/Earth          2
   c - Stone Arrow                    Conjuration/Earth            3
   d - Petrify                        Transmutation/Earth          4
   e - Lee's Rapid Deconstruction     Earth                        5
 Q - a book of the Earth

   Spells                             Type                      Level
   a - Leda's Liquefaction            Hexes/Earth                  4
   b - Bolt of Magma                  Conjuration/Fire/Earth       5
   c - Statue Form                    Transmutation/Earth          6
   d - Iron Shot                      Conjuration/Earth            6
   e - Shatter                        Earth                        9
Comestibles
 b - 4 chunks of flesh
 c - 14 bread rations
 s - 10 meat rations
 z - 5 royal jellies


   Skills:
 - Level 7.0 Fighting
 - Level 10.3 Dodging
 - Level 3.0 Stealth
 - Level 4.1 Shields
 - Level 12.0 Spellcasting
 - Level 11.8 Conjurations
 + Level 8.6 Charms
 - Level 12.2 Fire Magic
 + Level 5.9 Air Magic
 - Level 8.2 Earth Magic


You had 12 spell levels left.
You knew the following spells:

 Your Spells              Type           Power        Failure   Level  Hunger
a - Flame Tongue          Conj/Fire      #####        1%          1    None
b - Throw Flame           Conj/Fire      ######       1%          2    None
c - Conjure Flame         Conj/Fire      #######.     1%          3    None
d - Sticky Flame          Conj/Fire      #######.     1%          4    None
e - Fireball              Conj/Fire      #######...   1%          5    ###....
f - Sandblast             Erth           ######       1%          1    None
g - Stone Arrow           Conj/Erth      ######       1%          3    None
h - Deflect Missiles      Chrm/Air       ######....   28%         6    #####..


Dungeon Overview and Level Annotations

Branches:
Dungeon (10/15)            Temple (1/1) D:6            Lair (6/6) D:10
  Swamp (0/4) Lair:3        Snake (0/4) Lair:2        Slime (0/5) Lair:5
    Orc (0/2) D:9

Altars:
Cheibriados
Dithmenos
Elyvilon
Fedhas
Gozag
Hepliaklqana
Kikubaaqudgha
Makhleb
Nemelex Xobeh
Okawaru
Qazlal
Trog
Uskayaw
Vehumet
Wu Jian
Xom
Zin
The Shining One
Jiyva

Shops:
D:4 [[(   D:8 }


Message History

Found thirteen items.
A dire elephant and a deep troll shaman come into view.
Unknown command.
Unknown command.
Unknown command.
Unknown command.
Unknown command.
Unknown command.
Unknown command.
Unknown command.
Unknown command.
As you read the scroll of teleportation, it crumbles to dust.
You feel strangely unstable.
The deep troll shaman completely misses you.
The deep troll shaman closely misses you.
The deep troll shaman claws you but does no damage.
The deep troll shaman bites you!!
* * * LOW HITPOINT WARNING * * *
The deep troll shaman claws you!
You die...

.........# #..÷.
........## ##.8.
........# #....
........# #.8.## .
........# #....## ..
........#
##.÷.8.#..÷
........##
#$.8.÷8..8.
.........#
#(.T......
..††.....##
#(@.Y.÷..#
..........#
##[?.8.8.#
...÷......#.##
##??...##
....÷....##..#
#))###
........##.÷.## ###
........#.P...###
.......##.....P.####
......##............
.....##.........P..


You could see a dire elephant (sleeping) and a deep troll shaman.

Vanquished Creatures
  Rupert (Lair:4)
  A frost giant (IceCv)
  6 hydras
  Fannar (Lair:3)
  Erica (D:9)
  2 two-headed ogres
  3 death yaks (IceCv)
  The ghost of BingusPrime the Insei, a novice OpTm (D:7)
  An ice statue (IceCv)
  10 elephants (Lair:6)
  Joseph (D:10)
  4 black mambas
  The ghost of mad the Conjurer, a novice TeVM (D:6)
  12 spiny frogs
  2 rime drakes
  8 komodo dragons
  2 ice devils (Lair:5)
  13 polar bears
  11 blink frogs
  The ghost of spsoon the Cutter, an amateur HaAK of Lugonu (D:3)
  9 hippogriffs
  Sigmund (D:6)
  A basilisk (Lair:6)
  2 wyverns
  29 yaks
  A wraith (D:9)
  2 steam dragons (D:6)
  4 nagas (Lair:2)
  6 swamp worms (Lair:3)
  9 water moccasins
  5 porcupines
  A sky beast (D:8)
  2 ice beasts
  A necrophage (D:9)
  2 ogres
  4 phantoms
  23 wolves
  13 crocodiles
  A big kobold (D:7)
  10 bullfrogs
  A troll zombie (D:9)
  10 killer bees
  6 wights
  2 electric eels
  4 howler monkeys
  7 hounds
  2 bullfrog zombies
  4 crimson imps
  A quasit (D:8)
  3 centaur zombies
  2 jellies
  A centaur skeleton (D:4)
  15 orc wizards
  2 orc priests
  A gnoll shaman (D:5)
  4 bullfrog skeletons
  3 iguanas
  8 worker ants
  7 ogre zombies (D:9)
  3 hound zombies
  18 adders
  9 gnolls
  2 shadow imps
  A white imp (D:8)
  4 oozes
  An adder skeleton (D:7)
  5 worms
  2 dart slugs
  5 leopard geckos
  40 orcs
  2 ball pythons
  3 giant cockroaches
  6 goblins
  8 hobgoblins
  10 jackals
  5 quokkas
  3 bats (D:2)
  4 frilled lizards
  A goblin skeleton (D:9)
  4 goblin zombies
  7 hobgoblin zombies
  A jackal skeleton (D:5)
  13 kobolds
  A kobold skeleton (D:8)
  2 kobold zombies (D:8)
  A leopard gecko zombie (D:5)
  5 orc skeletons
  17 orc zombies
  6 rats
480 creatures vanquished.

Vanquished Creatures (others)
  4 polar bears (IceCv)
  2 fungi
  A plant (Lair:4)
7 creatures vanquished.

Grand Total: 487 creatures vanquished

Notes
Turn   | Place    | Note
-------+----------+-------------------------------------------
     0 | D:1      | Spazmo the Deep Elf Fire Elementalist began the quest for the Orb.
     0 | D:1      | Reached XP level 1. HP: 10/10 MP: 6/6
   222 | D:1      | Reached XP level 2. HP: 15/15 MP: 5/8
   228 | D:1      | Learned a level 2 spell: Throw Flame
   920 | D:2      | Found a glowing silver altar of Zin.
   920 | D:2      | Noticed an angel
   922 | D:2      | Found a shimmering altar of Xom.
   932 | D:2      | Reached XP level 3. HP: 17/19 MP: 2/10
   996 | D:2      | Learned a level 3 spell: Conjure Flame
  1112 | D:2      | Found a hide-covered altar of Uskayaw.
  1458 | D:2      | Reached XP level 4. HP: 24/24 MP: 3/11
  1468 | D:2      | Learned a level 4 spell: Sticky Flame
  1712 | D:3      | Noticed spsoon's ghost (amateur HaAK)
  2361 | D:3      | Reached XP level 5. HP: 23/28 MP: 8/13
  2665 | D:3      | Reached skill level 5 in Spellcasting
  2744 | D:3      | Found an opulent altar of Gozag.
  3219 | D:3      | Reached XP level 6. HP: 23/32 MP: 4/15
  3356 | D:3      | Killed spsoon's ghost
  3356 | D:3      | Reached skill level 5 in Fire Magic
  3581 | D:4      | Learned a level 5 spell: Fireball
  3624 | D:4      | Found a bloodstained altar of Trog.
  3692 | D:4      | Found Zojum's Weapon Emporium.
  3719 | D:4      | Reached XP level 7. HP: 34/36 MP: 12/18
  3876 | D:4      | Found an iron altar of Okawaru.
  4076 | D:4      | Found Fiummad's Antique Armour Emporium.
  4124 | D:4      | Found Diofet's Antique Armour Shop.
  4129 | D:4      | Reached skill level 5 in Conjurations
  4336 | D:4      | Bought a +1 dagger of electrocution for 120 gold pieces
  4863 | D:5      | Entered Level 5 of the Dungeon
  5063 | D:5      | Got a pitted rapier
  5064 | D:5      | Identified the cursed +1 rapier of the Tundras {venom, rElec rPois Int-5 Dex+5} (You found it on level 5 of the Dungeon)
  5158 | D:5      | Reached XP level 8. HP: 36/41 MP: 4/21
  5165 | D:5      | Noticed a hippogriff
  5321 | D:5      | Killed a hippogriff
  5631 | D:5      | Found an ornate altar of the Wu Jian Council.
  5826 | D:6      | Noticed mad's ghost (novice TeVM)
  6184 | D:6      | Found a staircase to the Ecumenical Temple.
  6215 | Temple   | Entered the Ecumenical Temple
  6278 | Temple   | Became a worshipper of Vehumet
  6513 | D:6      | Noticed Sigmund
  6524 | D:6      | Killed Sigmund
  6524 | D:6      | Reached XP level 9. HP: 25/45 MP: 7/24
  6712 | D:6      | Learned a level 1 spell: Sandblast
  6716 | D:6      | Learned a level 3 spell: Stone Arrow
  7064 | D:6      | Reached skill level 1 in Earth Magic
  7069 | D:6      | Found a shadowy altar of Dithmenos.
  7159 | D:7      | Noticed BingusPrime's ghost (novice OpTm)
  7457 | D:7      | Reached * piety under Vehumet
  7457 | D:7      | Offered knowledge of Magic Dart by Vehumet.
  7535 | D:7      | Killed BingusPrime's ghost
  7535 | D:7      | Reached skill level 10 in Spellcasting
  8041 | D:7      | Found a stormy altar of Qazlal.
  8466 | D:8      | Noticed a two-headed ogre
  8470 | D:8      | Killed a two-headed ogre
  8470 | D:8      | Reached XP level 10. HP: 38/50 MP: 14/26
  8651 | D:8      | Reached ** piety under Vehumet
  8651 | D:8      | Offered knowledge of Sting by Vehumet.
  8667 | D:8      | Reached skill level 5 in Earth Magic
  8724 | D:8      | Found a glowing golden altar of the Shining One.
  9308 | D:8      | Found Jigg's Gadget Emporium.
  9587 | D:8      | Found a bloodstained altar of Trog.
  9903 | D:9      | Offered knowledge of Dazzling Spray by Vehumet.
 10027 | D:9      | Reached skill level 10 in Fire Magic
 10054 | D:9      | Found a hazy altar of Hepliaklqana.
 10147 | D:9      | Reached *** piety under Vehumet
 10276 | D:9      | Found a staircase to the Orcish Mines.
 10464 | D:9      | Offered knowledge of Fulminant Prism by Vehumet.
 10748 | D:9      | Noticed Erica
 10787 | D:9      | Killed Erica
 10787 | D:9      | Reached skill level 10 in Conjurations
 10853 | D:9      | Found a snail-covered altar of Cheibriados.
 10860 | D:9      | Found an ancient bone altar of Kikubaaqudgha.
 11278 | D:9      | Identified a scroll of acquirement
 11279 | D:9      | Got a pair of dazzling gloves
 11280 | D:9      | Identified the +1 pair of gloves of the Flute {rElec rF- Regen+ Str+6} (You acquired it on level 9 of the Dungeon)
 11306 | D:10     | Entered Level 10 of the Dungeon
 11314 | D:10     | Noticed Joseph
 11314 | D:10     | Reached **** piety under Vehumet
 11319 | D:10     | Killed Joseph
 11429 | D:10     | Noticed a two-headed ogre
 11558 | D:10     | Found a staircase to the Lair.
 11618 | D:10     | Offered knowledge of Irradiate by Vehumet.
 11640 | D:10     | Killed a two-headed ogre
 11640 | D:10     | Reached XP level 11. HP: 54/54 MP: 15/27
 11798 | D:10     | Found a shadowy altar of Dithmenos.
 12320 | Lair:1   | Entered Level 1 of the Lair of Beasts
 12363 | Lair:1   | Reached skill level 1 in Fighting
 12429 | Lair:1   | Noticed a seven-headed hydra
 12438 | Lair:1   | Killed a seven-headed hydra
 12695 | Lair:1   | Reached skill level 5 in Dodging
 13328 | Lair:2   | Found a staircase to the Snake Pit.
 13644 | Lair:2   | You fall through a shaft for 2 floors!
 13755 | Lair:4   | Reached skill level 5 in Fighting
 13958 | Lair:3   | Noticed a death yak
 14021 | Lair:3   | Noticed a death yak
 14021 | Lair:3   | Noticed a death yak
 14021 | Lair:3   | Noticed a death yak
 14021 | Lair:3   | Noticed a death yak
 14400 | Lair:2   | Reached XP level 12. HP: 56/68 MP: 28/28
 14999 | Lair:3   | Found a staircase to the Swamp.
 15125 | Lair:3   | Noticed Fannar
 15131 | Lair:3   | Killed Fannar
 15369 | Lair:4   | Noticed Rupert
 15374 | Lair:4   | Killed Rupert
 15374 | Lair:4   | Reached skill level 10 in Dodging
 15975 | D:6      | Killed mad's ghost
 16268 | Lair:4   | Reached ***** piety under Vehumet
 16268 | Lair:4   | Offered knowledge of Force Lance by Vehumet.
 16339 | Lair:4   | Reached skill level 1 in Shields
 16914 | Lair:5   | Noticed a five-headed hydra
 16942 | Lair:5   | Killed a five-headed hydra
 17139 | Lair:5   | Found a frozen archway.
 17224 | IceCv    | Entered an ice cave
 17616 | IceCv    | Reached XP level 13. HP: 76/76 MP: 31/31
 18290 | IceCv    | Noticed a frost giant
 18306 | IceCv    | Killed a frost giant
 18531 | IceCv    | Got a faintly glowing shortbow
 18532 | IceCv    | Identified the +10 shortbow of Magnificence {velocity, rPois} (You found it in an ice cave)
 18562 | Lair:5   | Learned a level 6 spell: Deflect Missiles
 18580 | Lair:5   | Reached skill level 1 in Charms
 18597 | Lair:5   | Reached skill level 1 in Air Magic
 18859 | Lair:5   | Offered knowledge of Bolt of Draining by Vehumet.
 18963 | Lair:5   | Found a viscous altar of Jiyva.
 18963 | Lair:5   | Found a staircase to the Slime Pits.
 19319 | Lair:6   | Entered Level 6 of the Lair of Beasts
 19449 | Lair:6   | Reached skill level 5 in Charms
 19733 | Lair:6   | Reached skill level 5 in Air Magic
 20006 | Lair:6   | Reached XP level 14. HP: 82/82 MP: 8/32
 20258 | Lair:6   | HP: 1/82 [deep troll shaman (26)]
 20258 | Lair:6   | Demolished by a deep troll shaman

Vault maps used:
D:1:      minmay_arrival_glassed_features
D:2:      grunt_temple_overflow_order_and_chaos_1, lemuel_crystal_altar
D:3:      nicolae_gozag_seed_capital
D:4:      cheibrodos_helix_gallery, kennysheep_mini_moat,
          lightli_temple_of_fire, serial_shops, shop_coins, shop,
          nicolae_shop_window_shopping
D:5:      marbit_many_paths, first_bread
D:6:      cheibrodos_steamvent, temple_statues, basic_altar,
          kennysheep_big_empty_room, uniq_sigmund
D:7:      overflow_temple_1_default, grunt_ogre_cave
D:8:      nicolae_tso_besieged_by_evil, serial_shops, nicolae_shop_stone,
          trog_hazing_becter
D:9:      nicolae_overflow_crystal_walls, amethyst_overflow_temple_binary,
          zombieorc2_lemuel, uniq_erica
D:10:     lair_entry_dummy, nicolae_dithmenos_the_darkroom, uniq_joseph
Temple:   dpeg_chambers_temple
Lair:2:   guppyfry_snake_entry_garden, minmay_stone_trees_small
Lair:3:   nicolae_swamp_entry_splash_gauntlet, grunt_megastairs_5, uniq_fannar
Lair:4:   uniq_rupert
Lair:5:   dpeg_slime_entry_enclosed_altar, portal_ice_cave_demonic_guard,
          beast_lair_carwin_11
Lair:6:   grunt_lair_end_beastmaster, st_stairs_4
IceCv:    ice_cave_caverns_03

Skill      XL: |  1  2  3  4  5  6  7  8  9 10 11 12 13 |
---------------+----------------------------------------+-----
Stealth        | 3 |  3.0
Dodging        | 3 8 10 | 10.3
Conjurations   | 2 3 4 5 7 8 10 11 | 11.8
Spellcasting   | 4 5 6 7 9 10 12 | 12.0
Fire Magic     | 4 5 6 8 9 10 11 12 | 12.2
Earth Magic    | 4 7 8 |  8.2
Fighting       | 5 7 |  7.0
Shields        | 3 4 |  4.1
Charms         | 8 |  8.6
Air Magic      | 5 |  5.9

Action                   |  1- 3 |  4- 6 |  7- 9 | 10-12 | 13-15 || total
-------------------------+-------+-------+-------+-------+-------++-------
Melee: Short sword       |       |     2 |       |       |       ||     2
       Dagger            |       |       |     7 |       |       ||     7
       Staff             |       |       |       |     5 |     7 ||    12
Throw: Stone             |       |       |     2 |       |       ||     2
 Cast: Flame Tongue      |    54 |   140 |   300 |   643 |   194 ||  1331
       Conjure Flame     |       |     6 |     4 |    15 |     4 ||    29
       Sticky Flame      |       |     1 |     3 |    58 |    51 ||   113
       Throw Flame       |       |       |     5 |    40 |    20 ||    65
       Fireball          |       |       |     2 |    29 |    18 ||    49
       Sandblast         |       |       |    26 |    11 |    55 ||    92
       Stone Arrow       |       |       |     3 |    13 |    10 ||    26
  Use: Scroll            |     6 |     5 |    10 |    13 |     4 ||    38
       Potion            |     1 |       |     2 |     5 |       ||     8
  Eat: Chunk             |     1 |     6 |    12 |    27 |     7 ||    53
       Royal jelly       |       |     1 |       |       |     1 ||     2
       Fruit             |       |       |     3 |     6 |       ||     9
Armor: Robe              |     3 |     5 |    15 |    50 |    29 ||   102
Dodge: Dodged            |     6 |    23 |    79 |   170 |   109 ||   387
Block: Other             |       |       |       |     9 |       ||     9
       Buckler           |       |       |       |    10 |    45 ||    55

Table legend:
 A = Spawn XP
 B = Non-spawn XP
 C = Spawn XP percentage of total XP
 D = Spawn monster count
 E = Non-spawn monster count
 F = Spawn count percentage of total count
 G = Total turns spent on level
                    A         B        C        D         E        F      G
               +---------+---------+-------+---------+---------+-------+---------
         Total |       0 |   65898 |   0.0 |       0 |     480 |   0.0 | 20258
               +---------+---------+-------+---------+---------+-------+---------
           D:1 |       0 |      32 |   0.0 |       0 |      18 |   0.0 |   838
           D:2 |       0 |      70 |   0.0 |       0 |      19 |   0.0 |  1215
           D:3 |       0 |     585 |   0.0 |       0 |      39 |   0.0 |  1516
           D:4 |       0 |     472 |   0.0 |       0 |      21 |   0.0 |  1314
           D:5 |       0 |     843 |   0.0 |       0 |      28 |   0.0 |  1157
           D:6 |       0 |    1731 |   0.0 |       0 |      20 |   0.0 |  1133
           D:7 |       0 |    1544 |   0.0 |       0 |      26 |   0.0 |  1266
           D:8 |       0 |    1889 |   0.0 |       0 |      43 |   0.0 |  1564
           D:9 |       0 |    2772 |   0.0 |       0 |      62 |   0.0 |  1657
          D:10 |       0 |    2029 |   0.0 |       0 |      24 |   0.0 |   897
        Lair:1 |       0 |    5425 |   0.0 |       0 |      17 |   0.0 |  1065
        Lair:2 |       0 |    2219 |   0.0 |       0 |      12 |   0.0 |   645
        Lair:3 |       0 |    5207 |   0.0 |       0 |      24 |   0.0 |  1513
        Lair:4 |       0 |    8314 |   0.0 |       0 |      22 |   0.0 |   979
        Lair:5 |       0 |    7128 |   0.0 |       0 |      22 |   0.0 |  1130
        Lair:6 |       0 |   13249 |   0.0 |       0 |      38 |   0.0 |   939
         IceCv |       0 |   12389 |   0.0 |       0 |      45 |   0.0 |  1323
               +---------+---------+-------+---------+---------+-------+---------
